[Event "*** Titled Tuesday Blitz"]
[Site "Chess.com"]
[Date "2021.04.27"]
[Round "11"]
[White "blitzking1729"]
[Black "Mihnea2017"]
[Result "1-0"]
[WhiteElo "2656"]
[BlackElo "2475"]
[TimeControl "180+1"]
[EndTime "12:02:36 PDT"]
[Termination "blitzking1729 won by resignation"]

1. e4 c5 2. b4 cxb4 3. a3 e6 4. axb4 Bxb4 5. c3 Be7 6. d4 d6 7. Bd3 Nf6 8. f4 O-O 9. Nf3 Nc6 10. O-O e5 11. d5 Na5 12. Kh1 exf4 13. Bxf4 Bg4 14.
Nbd2 Rc8 15. c4 Nd7 16. Qa4 Nc5 17. Qa3 Nxd3 18. Qxd3 Qc7 19. Nd4 a6 20. Qg3 Bf6 21. Bxd6 Qb6 22. c5 Rxc5 23. Rxf6 gxf6 24. Qxg4+ Kh8 25.
Bxf8 1-0

[Event "*** Titled Tuesday Blitz"]
[Site "Chess.com"]
[Date "2021.04.27"]
[Round "11"]
[White "JiiHart"]
[Black "GelmanAlexander"]
[Result "0-1"]
[WhiteElo "2069"]
[BlackElo "2556"]
[TimeControl "180+1"]
[EndTime "12:02:39 PDT"]
[Termination "GelmanAlexander won by resignation"]

1. e4 c5 2. Nf3 e6 3. d4 cxd4 4. Nxd4 a6 5. Nc3 d6 6. Bd3 Nf6 7. Be3 b5 8. a3 Bb7 9. O-O Nbd7 10. f3 Rc8 11. Qe1 h5 12. Rd1 h4 13. Kh1 Be7 14.
Bf2 h3 15. g3 Ne5 16. Be3 Qc7 17. Nce2 Nc4 18. Bc1 d5 19. Nc3 O-O 20. Rf2 Rfd8 21.
Qf1 dxe4 22. fxe4 Rxd4 23. Qxh3 Rcd8 24. Re1 Qd7 25. Kg1 Ne5 26. Be3 Nxd3 27. cxd3 Rxd3 28. Qf1 Rxe3 29. Rxe3 Bc5 30. Qe2 Bxe3 31. Qxe3 Ng4 32. Qe2 Nxf2 33. Qxf2 Qd2 0-1

[Event "*** Titled Tuesday Blitz"]
[Site "Chess.com"]
[Date "2021.04.27"]
[Round "11"]
[White "FMalexhdez"]
[Black "DanielTitichoca"]
[Result "1-0"]
[WhiteElo "2268"]
[BlackElo "2350"]
[TimeControl "180+1"]
[EndTime "12:02:44 PDT"]
[Termination "FMalexhdez won by resignation"]

1. e4 c5 2. Nf3 d6 3. d4 cxd4 4. Nxd4 Nf6 5. Nc3 a6 6. h3 e5 7. Nde2 Be6 8. g4 d5 9. exd5 Nxd5 10. Bg2 Nxc3 11. Qxd8+ Kxd8 12. Nxc3 Nc6 13. Be3 Bb4 14.
O-O-O+ Ke7 15. Nd5+ Bxd5 16. Rxd5 Rhd8 17. Rhd1 Rxd5 18. Rxd5 Rc8 19. c3 Bd6 20. Kd2 Nb8 21. Ra5 Nd7 22. Bxb7 Rb8 23. Bxa6 Rxb2+ 24. Kd3 g6 25. g5 Nb8 26. Rb5 Rxa2 27. Rb7+ Kd8 28. Bc4 Nd7 29. Bxa2 Nc5+ 30. Bxc5 Bxc5 31. Rxf7 1-0

[Event "*** Titled Tuesday Blitz"]
[Site "Chess.com"]
[Date "2021.04.27"]
[Round "11"]
[White "Agoking701"]
[Black "c_r_e_e_p_e_r"]
[Result "0-1"]
[WhiteElo "2269"]
[BlackElo "2391"]
[TimeControl "180+1"]
[EndTime "12:02:51 PDT"]
[Termination "c_r_e_e_p_e_r won on time"]

1. d4 d5 2. c4 Nc6 3. Nc3 Nf6 4. Bg5 dxc4 5. d5 Ne5 6. e4 e6 7. Nf3 Nxf3+ 8. Qxf3 Be7 9. O-O-O exd5 10. Bxf6 Bxf6 11.
Nxd5 Bg5+ 12. Kb1 O-O 13. Bxc4 c6 14. Nc3 Qe7 15. h4 Bf6 16. Rhe1 b5 17. e5 Bxe5 18.
Bd3 f6 19. Qe4 g6 20. f4 Bf5 21. Qxc6 Rac8 22. Qxb5 Rb8 23. Qa6 Rxb2+ 24. Kxb2 Qb4+ 0-1

[Event "*** Titled Tuesday Blitz"]
[Site "Chess.com"]
[Date "2021.04.27"]
[Round "11"]
[White "Steegersee"]
[Black "zurzan"]
[Result "1-0"]
[WhiteElo "2184"]
[BlackElo "2010"]
[TimeControl "180+1"]
[EndTime "12:02:52 PDT"]
[Termination "Steegersee won by resignation"]

1. d4 d6 2. c4 g6 3. Nc3 f5 4. Nf3 Bg7 5. g3 Nf6 6. Bg2 O-O 7. O-O c6 8. b3 Na6 9. Bb2 Qc7 10. Re1 e5 11. e4 exd4 12. Nxd4 fxe4 13. Nxe4 Nxe4 14. Rxe4 Bf5 15. Re1 c5 16. Nb5 Qd7 17. Bd5+ Kh8 18. Bxg7+ Qxg7 19. Nxd6 Rad8 20. Nxf5 Rxf5 21. Qe2 Rdf8 22.
f4 Nc7 23. Rad1 Nxd5 24. cxd5 g5 25. fxg5 Qxg5 26. d6 h5 27. Qe7 Qg4 28. d7 Qf3 29. Qe3 Qxe3+ 30. Rxe3 Rd8 31. Re8+ Rf8 32. Rxf8+ Rxf8 33. d8=Q 1-0

[Event "*** Titled Tuesday Blitz"]
[Site "Chess.com"]
[Date "2021.04.27"]
[Round "11"]
[White "Buffy7"]
[Black "AryanTari"]
[Result "1-0"]
[WhiteElo "2711"]
[BlackElo "2867"]
[TimeControl "180+1"]
[EndTime "12:02:54 PDT"]
[Termination "Buffy7 won by resignation"]

1. e4 c6 2. d4 d5 3. Nc3 dxe4 4.
Nxe4 Nf6 5. Nxf6+ exf6 6. c3 Bd6 7. Bd3 O-O 8. Qc2 Re8+ 9. Ne2 h5 10. Be3 Nd7 11. O-O-O b5 12. Ng3 Nb6 13. Nxh5 Nd5 14. Rde1 Bg4 15. Ng3 Qa5 16. Bh7+ Kf8 17. Bf5 Bxf5 18.
Nxf5 Bc7 19. a3 Re6 20. Bd2 Rae8 21. Rxe6 Rxe6 22. c4 Bf4 23. cxd5 Re2 24. Ne3 Qb6 25. Bb4+ 1-0

[Event "*** Titled Tuesday Blitz"]
[Site "Chess.com"]
[Date "2021.04.27"]
[Round "11"]
[White "scandalgod"]
[Black "Abund"]
[Result "1/2-1/2"]
[WhiteElo "2614"]
[BlackElo "2757"]
[TimeControl "180+1"]
[EndTime "12:03:00 PDT"]
[Termination "Game drawn by repetition"]

1. d4 Nf6 2. c4 g6 3. Nc3 d5 4. Bg5 Bg7 5. Nf3 Ne4 6. Bh4 Nxc3 7. bxc3 dxc4 8. Qa4+ Nd7 9. Qxc4 O-O 10. e3 Nb6 11. Qb3 Be6 12. Qc2 c5 13. Be2 Rc8 14. Qb2 Na4 15. Qa3 Nxc3 16. Qxc3 cxd4 17. Qd3 Bc4 18. Qa3 Bxe2 19. Kxe2 dxe3 20. Rac1 Qb6 21. Qxe3 Qb5+ 22. Qd3 Qb2+ 23. Qd2 Qb5+ 24. Qd3 Qb2+ 25.
Qd2 Qb5+ 26. Qd3 1/2-1/2

[Event "*** Titled Tuesday Blitz"]
[Site "Chess.com"]
[Date "2021.04.27"]
[Round "11"]
[White "szachuspl"]
[Black "SergeyShtyka"]
[Result "0-1"]
[WhiteElo "2518"]
[BlackElo "2418"]
[TimeControl "180+1"]
[EndTime "12:03:01 PDT"]
[Termination "SergeyShtyka won by resignation"]

1. d4 c5 2. d5 e5 3. e4 d6 4.
Nc3 Be7 5. g3 a6 6. a4 Nf6 7.
Bg2 O-O 8. Nf3 Nbd7 9. O-O Rb8 10. a5 Ne8 11. Nd2 Nc7 12. Nc4 Nb5 13. Na4 Bg5 14. f4 exf4 15. gxf4 Bf6 16. c3 g6 17. Be3 Re8 18.
Bf2 Bg7 19. Qd2 Nf6 20. Nab6 Nxe4 21. Bxe4 Rxe4 22. Rae1 Rxc4 23. Nxc4 Bh3 24. f5 Bxf1 25. Rxf1 Qe7 26. Bg3 Re8 27. Re1 Qd8 28. Rxe8+ Qxe8 29. Bxd6 Qe4 30. b3 Bxc3 31. Qd1 Bd4+ 32. Kf1 Qh1+ 33. Ke2 Nc3+ 0-1

[Event "*** Titled Tuesday Blitz"]
[Site "Chess.com"]
[Date "2021.04.27"]
[Round "11"]
[White "ajedrez1101"]
[Black "Kostukov_Alex"]
[Result "1-0"]
[WhiteElo "2191"]
[BlackElo "2300"]
[TimeControl "180+1"]
[EndTime "12:03:01 PDT"]
[Termination "ajedrez1101 won by resignation"]

1. b3 Nf6 2. Bb2 g6 3. Bxf6 exf6 4. c4 Bg7 5. Nc3 O-O 6. g3 Nc6 7. e3 b6 8. Bg2 Bb7 9. Nge2 f5 10. O-O Qc8 11. d4 Ne7 12. Nf4 Bxg2 13. Kxg2 Qb7+ 14. Qf3 Qxf3+ 15. Kxf3 d6 16. Nfd5 Nxd5 17. Nxd5 c5 18. Rad1 h5 19. h4 Kh7 20. dxc5 dxc5 21. Nf4 Rad8 22.
Rd5 Bf6 23. Rfd1 Kg7 24. Rd7 Rxd7 25. Rxd7 Kg8 26. Rxa7 Rd8 27. Nd5 Bg7 28. Rb7 Ra8 29.
a4 Bf8 30. Nxb6 Rd8 31. Nd5 Rd6 32. Rc7 f6 33. Rxc5 g5 34. Rb5 g4+ 35. Ke2 f4 36. Nxf4 1-0

[Event "*** Titled Tuesday Blitz"]
[Site "Chess.com"]
[Date "2021.04.27"]
[Round "11"]
[White "Valeron87"]
[Black "sorrm8thatscheckm8"]
[Result "0-1"]
[WhiteElo "2426"]
[BlackElo "2568"]
[TimeControl "180+1"]
[EndTime "12:03:08 PDT"]
[Termination "sorrm8thatscheckm8 won on time"]

1. e4 e6 2. Qe2 c5 3. Nf3 Nc6 4. c3 Be7 5. d4 d5 6. e5 Qb6 7.
Qb5 Qxb5 8. Bxb5 Bd7 9. Be2 Nh6 10. Bxh6 gxh6 11. a3 cxd4 12. cxd4 f6 13. O-O Rg8 14. Nc3 a6 15. Rac1 Bd8 16. Rfe1 Bb6 17. Na4 Bxd4 18.
Nxd4 Nxd4 19. Nb6 Rd8 20. Rc7 Nxe2+ 21. Rxe2 fxe5 22. Rxe5 Rg5 23. Re2 d4 24. Rxb7 d3 25. Rd2 Bc6 26. Rxh7 Rxg2+ 27. Kf1 Rxh2 28. Rh8+ Ke7 29.
Rh7+ Kf6 0-1

[Event "*** Titled Tuesday Blitz"]
[Site "Chess.com"]
[Date "2021.04.27"]
[Round "11"]
[White "Grandmaster2B"]
[Black "Orest_Vovk"]
[Result "0-1"]
[WhiteElo "2482"]
[BlackElo "2390"]
[TimeControl "180+1"]
[EndTime "12:03:09 PDT"]
[Termination "Orest_Vovk won by resignation"]

1. e4 g5 2. d4 g4 3. Qxg4 d5 4. Qe2 dxe4 5. Qxe4 Nf6 6. Qd3 Nc6 7. Nf3 Bg4 8. c3 Qd5 9. Be2 O-O-O 10. Bf4 Rg8 11. Qe3 Nh5 12. Bg3 Rg6 13. O-O Bh6 14. Qd3 Bf5 15. Qd1 Rdg8 16. Nh4 Nxg3 17. hxg3 Rf6 18.
Nxf5 Qxf5 19. Nd2 e5 20. d5 Ne7 21. Nf3 e4 22. Nd4 Qe5 23. Nb5 Rxg3 24. fxg3 Be3+ 0-1

[Event "*** Titled Tuesday Blitz"]
[Site "Chess.com"]
[Date "2021.04.27"]
[Round "11"]
[White "Alextorngren"]
[Black "Caterpiller35"]
[Result "1/2-1/2"]
[WhiteElo "2363"]
[BlackElo "2476"]
[TimeControl "180+1"]
[EndTime "12:03:11 PDT"]
[Termination "Game drawn by repetition"]

1. d4 Nf6 2. c4 e6 3. Nc3 Bb4 4. Qc2 d5 5. Nf3 O-O 6. Bg5 dxc4 7. e4 h6 8. Bxf6 Qxf6 9. Bxc4 c5 10. dxc5 Nd7 11. c6 bxc6 12. O-O Ne5 13. Nxe5 Qxe5 14.
Rad1 Rb8 15. Kh1 c5 16. f4 Qc7 17. Nb5 Qe7 18. e5 Bb7 19. f5 exf5 20. Rxf5 Bc8 21.
Rh5 Bg4 22. Rxh6 gxh6 23. Qg6+ Kh8 24. Qxh6+ Kg8 25. Qg6+ Kh8 26. Qh6+ Kg8 27. Qg6+ Kh8 28. Qh6+ 1/2-1/2

[Event "*** Titled Tuesday Blitz"]
[Site "Chess.com"]
[Date "2021.04.27"]
[Round "11"]
[White "Cptn2"]
[Black "TeukkaSalama"]
[Result "1-0"]
[WhiteElo "2608"]
[BlackElo "2399"]
[TimeControl "180+1"]
[EndTime "12:03:13 PDT"]
[Termination "Cptn2 won by resignation"]

1. e4 c6 2. Nf3 d5 3. Nc3 dxe4 4. Nxe4 Nf6 5. Qe2 Nxe4 6. Qxe4 Qa5 7. Bc4 Bf5 8. Qf4 e6 9. O-O Nd7 10. d4 Bxc2 11.
Ng5 Bg6 12. Bd2 Qf5 13. Qc7 Be7 14. Nf3 Nb6 15. Qxb7 O-O 16. Bb3 Bd6 17. Qxc6 Rfd8 18. Rac1 Rac8 19. Qb7 Bh5 20. Ne5 Bxe5 21. dxe5 Qxe5 22.
Rxc8 Nxc8 23. Bc3 Qg5 24. f3 Nd6 25. Qxa7 Nf5 26. Rd1 Rxd1+ 27. Bxd1 h6 28. Qf2 Ne3 29. Bb3 Bg6 30. h4 Qf4 31. Bd2 1-0

[Event "*** Titled Tuesday Blitz"]
[Site "Chess.com"]
[Date "2021.04.27"]
[Round "11"]
[White "masteryoungK"]
[Black "Matols"]
[Result "1-0"]
[WhiteElo "2433"]
[BlackElo "2271"]
[TimeControl "180+1"]
[EndTime "12:03:13 PDT"]
[Termination "masteryoungK won by resignation"]

1. e4 e6 2. d4 d5 3. Nc3 Nf6 4. Bg5 Bb4 5. e5 h6 6. Bc1 Ne4 7. Qg4 g6 8. Ne2 c5 9. a3 Bxc3+ 10. bxc3 Nc6 11. f3 Ng5 12. h4 Nh7 13. Bxh6 cxd4 14.
cxd4 Bd7 15. h5 Nf6 16. exf6 Rxh6 17. hxg6 Rxh1 18. g7 Qa5+ 19. Kf2 O-O-O 20. g8=Q Rxg8 21. Qxg8+ Kc7 22. Qxf7 Qd2 23. Rb1 b6 24. c3 Na5 25.
Qg7 Nc4 26. f7 Ne3 27. Qe5+ Kb7 28. Qxe3 1-0

[Event "*** Titled Tuesday Blitz"]
[Site "Chess.com"]
[Date "2021.04.27"]
[Round "11"]
[White "esrosenberg"]
[Black "Guzman70"]
[Result "1-0"]
[WhiteElo "2209"]
[BlackElo "2283"]
[TimeControl "180+1"]
[EndTime "12:03:14 PDT"]
[Termination "esrosenberg won by checkmate"]

1. Nf3 Nf6 2. c4 g6 3. Nc3 c5 4. g3 Bg7 5. Bg2 Nc6 6. O-O O-O 7.
d4 cxd4 8. Nxd4 d6 9. Nxc6 bxc6 10. Bxc6 Bh3 11. Bxa8 Qxa8 12. f3 Bxf1 13. Kxf1 Rc8 14.
Qd3 Nd7 15. Nd5 Ne5 16. Nxe7+ Kh8 17. Qd5 Nxc4 18. Qxf7 Ne5 19. Qd5 Qxd5 20. Nxd5 Rc2 21. Ne3 Rc5 22. Bd2 Bh6 23. f4 Nc4 24. Nxc4 Rxc4 25. Bc3+ Kg8 26. Rd1 Bf8 27. Rd5 Kf7 28. Ra5 Rc7 29. e4 Ke6 30. Ke2 Rb7 31. Kd3 Be7 32.
Bd4 Bd8 33. Rxa7 Rb4 34. Rxh7 Ra4 35. a3 Ra6 36. g4 Rc6 37. f5+ gxf5 38. gxf5# 1-0

[Event "*** Titled Tuesday Blitz"]
[Site "Chess.com"]
[Date "2021.04.27"]
[Round "11"]
[White "Pantata007"]
[Black "Rodchenkov_Vitalij"]
[Result "0-1"]
[WhiteElo "2270"]
[BlackElo "2081"]
[TimeControl "180+1"]
[EndTime "12:03:14 PDT"]
[Termination "Rodchenkov_Vitalij won on time"]

1. d4 Nf6 2. c4 e6 3. Nc3 Bb4 4. e3 Bxc3+ 5. bxc3 O-O 6. Bd3 d6 7. Ne2 Nbd7 8. O-O b6 9. e4 e5 10. Ng3 Bb7 11. f4 Re8 12. Qc2 Qe7 13. Nf5 Qd8 14.
Rb1 g6 15. Ng3 Qe7 16. a4 exd4 17. cxd4 Nxe4 18. Re1 f5 19. c5 dxc5 20. Bc4+ Kf8 21. Ba3 Qg7 22. dxc5 Ndxc5 23. Bb2 Qd7 24. Be5 Qd2 25.
Qxd2 Nxd2 26. Bf1 Nxb1 27. Rxb1 Rad8 28. Bxc7 Rd7 29. Be5 Red8 30. a5 Rd1 31. Rxd1 Rxd1 32. axb6 axb6 33. Bc7 b5 34. Ba5 Nd3 35. h4 b4 36. Kh2 b3 0-1

[Event "*** Titled Tuesday Blitz"]
[Site "Chess.com"]
[Date "2021.04.27"]
[Round "11"]
[White "jamalm2"]
[Black "sm_sharon"]
[Result "0-1"]
[WhiteElo "2029"]
[BlackElo "2153"]
[TimeControl "180+1"]
[EndTime "12:03:14 PDT"]
[Termination "sm_sharon won by resignation"]

1. d4 Nf6 2. c4 g6 3. Nc3 Bg7 4. e4 O-O 5. Bg5 d6 6. Be2 c5 7. d5 Na6 8. Qd2 Re8 9. f3 Rb8 10. Bd1 Bd7 11. Nge2 b5 12. cxb5 Bxb5 13. Nxb5 Rxb5 14.
Ba4 Nxe4 15. fxe4 Rxb2 16. Qe3 Qa5+ 17. Kf1 Qxa4 18. Re1 Qb5 19. h4 Nb4 20. h5 Nc2 21.
Qf3 Nxe1 22. Kxe1 Rb1+ 23. Kf2 Rxh1 24. hxg6 hxg6 25. Qg4 a5 26. Ng3 Bd4+ 27. Be3 Qb2+ 28. Ne2 Bxe3+ 29. Kxe3 Qxa2 30. Qd7 Kf8 31. e5 Qxd5 32.
exd6 exd6+ 33. Kf2 Rxe2+ 0-1

[Event "*** Titled Tuesday Blitz"]
[Site "Chess.com"]
[Date "2021.04.27"]
[Round "11"]
[White "chessmachine14"]
[Black "viktorgen2021"]
[Result "0-1"]
[WhiteElo "2269"]
[BlackElo "2378"]
[TimeControl "180+1"]
[EndTime "12:03:15 PDT"]
[Termination "viktorgen2021 won on time"]

1. d4 Nf6 2. Bg5 e6 3. e4 Be7 4. Nc3 d5 5. e5 Nfd7 6. Bxe7 Qxe7 7. Qg4 Kf8 8. O-O-O a6 9. h4 c5 10. f4 Nc6 11.
Nf3 b5 12. h5 h6 13. f5 exf5 14. Qf4 cxd4 15. Nxd5 Qc5 16. Nxd4 Qxd5 17. Nxf5 Qxe5 18. Qg4 Nc5 19. Qf3 Bxf5 20. Qxc6 Rc8 21. Qf3 Kg8 22. g4 Be4 23. Qe3 Nb3+ 24. Qxb3 Bxh1 25. Bd3 Be4 26. Re1 Qg5+ 27. Kb1 Bxd3 28. Qxd3 Rd8 29. Qe4 Qd2 30. a3 Qd5 31. Qf4 Kh7 32. Re7 Rhf8 33. b3 Kg8 0-1

[Event "*** Titled Tuesday Blitz"]
[Site "Chess.com"]
[Date "2021.04.27"]
[Round "11"]
[White "catzapto"]
[Black "gxbg2000"]
[Result "0-1"]
[WhiteElo "2080"]
[BlackElo "1969"]
[TimeControl "180+1"]
[EndTime "12:03:16 PDT"]
[Termination "gxbg2000 won by resignation"]

1. e4 e5 2. Nf3 d6 3. d4 exd4 4. Bc4 Be7 5. c3 Nf6 6. Ng5 O-O 7. cxd4 h6 8. h4 c5 9. dxc5 Qa5+ 10. Bd2 Qxc5 11.
Bxf7+ Rxf7 12. Nxf7 Kxf7 13. Nc3 Be6 14. f3 Nc6 15. g4 Nh7 16. Qe2 Nd4 17. Qd3 Qe5 18. O-O-O Rc8 19. Kb1 a6 20. f4 Qc5 21. f5 Bc4 22. Qg3 Bf6 23. g5 hxg5 24. hxg5 Nxg5 25.
Bxg5 Be5 26. Bf4 Ne2 27. Qe3 Nxf4 28. Qxc5 Rxc5 29. Rc1 b5 30. b3 Bd3+ 31. Kb2 Bxe4 32. Rhe1 Nd3+ 33. Kc2 Nxe1+ 34. Kd2 Bxc3+ 35. Rxc3 Rxc3 36. Kxc3 Bxf5 37. Kd4 Nf3+ 38. Kd5 Ke7 0-1

[Event "*** Titled Tuesday Blitz"]
[Site "Chess.com"]
[Date "2021.04.27"]
[Round "11"]
[White "rpragchess"]
[Black "Vanina1989"]
[Result "1-0"]
[WhiteElo "2910"]
[BlackElo "2823"]
[TimeControl "180+1"]
[EndTime "12:03:22 PDT"]
[Termination "rpragchess won by resignation"]

1. Nf3 d5 2. g3 c6 3. Bg2 Bg4 4. O-O Nd7 5. d3 e6 6. h3 Bh5 7. e4 Bc5 8. exd5 cxd5 9. c4 Ne7 10. Nc3 dxc4 11. dxc4 O-O 12. Ne4 Qc7 13. Bf4 e5 14. Nxc5 Qxc5 15. Be3 Qc7 16. g4 Bg6 17. Rc1 Nc5 18.
Nh4 Rfd8 19. Qf3 Bd3 20. Rfd1 e4 21. Qg3 Qxg3 22. fxg3 Rac8 23. Nf5 Nxf5 24. gxf5 b6 25. b3 Re8 26. g4 h5 27. Kh2 f6 28. Kg3 Kf7 29.
Rd2 Rh8 30. b4 Na6 31. a3 hxg4 32. hxg4 Nb8 33. c5 b5 34. Bf4 Nc6 35. Re1 Rcd8 36.
Bd6 Rde8 37. Rxd3 Ne5 38. Rde3 Nd3 39. Bxe4 Rxe4 40. Rxe4 1-0

[Event "*** Titled Tuesday Blitz"]
[Site "Chess.com"]
[Date "2021.04.27"]
[Round "11"]
[White "Abdimalik_Abdisalimov"]
[Black "david_alex"]
[Result "1-0"]
[WhiteElo "2303"]
[BlackElo "2110"]
[TimeControl "180+1"]
[EndTime "12:03:23 PDT"]
[Termination "Abdimalik_Abdisalimov won by resignation"]

1. d4 Nf6 2. c4 e6 3. Nf3 d5 4.
g3 dxc4 5. Bg2 a6 6. O-O Nc6 7. e3 Bd6 8. Qc2 O-O 9. Qxc4 Qe7 10. Nbd2 Rb8 11. a3 Bd7 12. b4 b5 13. Qc2 a5 14. bxa5 Nxa5 15. Bb2 Rfc8 16. e4 c5 17. e5 cxd4 18. exd6 Rxc2 19. dxe7 Rxb2 20. Rab1 Ra2 21. Nb3 Rxa3 22. Nc5 Bc6 23. Nxd4 Bxg2 24. Kxg2 Re8 25. Nxb5 Ra2 26. Nd6 Ra8 27. Ra1 Nc6 28. Rxa2 Rxa2 29. e8=Q+ Nxe8 30. Nxe8 Rd2 31. Ne4 Rd7 32. Rc1 Ne7 33. Rc7 Rxc7 34. Nxc7 f6 35. Nxe6 Kf7 1-0

[Event "*** Titled Tuesday Blitz"]
[Site "Chess.com"]
[Date "2021.04.27"]
[Round "11"]
[White "lamomiablanca"]
[Black "mishanick"]
[Result "0-1"]
[WhiteElo "2454"]
[BlackElo "2986"]
[TimeControl "180+1"]
[EndTime "12:03:24 PDT"]
[Termination "mishanick won by checkmate"]

1. e4 c5 2. d3 Nc6 3. g3 g6 4. Bg2 Bg7 5. f4 d6 6. Nf3 e6 7. O-O Nge7 8. c3 O-O 9. Be3 b5 10.
d4 b4 11. dxc5 bxc3 12. Nxc3 d5 13. Nd4 dxe4 14. Nxc6 Nxc6 15. Bxe4 Bd7 16. Qd6 Qc8 17. Qd2 Rb8 18. Rfd1 Rd8 19. Qg2 Na5 20. c6 Nxc6 21. Rxd7 Rxd7 22. Bxc6 Rd3 23. Bxa7 Rb4 24. a3 Rxb2 25.
Qxb2 Rxc3 26. Qb8 Bd4+ 27. Kg2 Qxb8 28. Bxb8 Rc2+ 29. Kh3 Bxa1 30. Be4 Ra2 31. Bd6 Bb2 32. Bb1 Ra1 33. Bd3 Bxa3 34. Be5 Rd1 35. Be2 Rd2 36.
Bc4 Bc5 37. Kg4 Rxh2 38. Bf6 Rf2 39. Bb5 h5+ 40. Kg5 Bf8 41. Be5 Be7+ 42. Kh6 Rf3 43. Be8 Rxg3 44. f5 Bf8+ 45. Bg7 Bxg7# 0-1

[Event "*** Titled Tuesday Blitz"]
[Site "Chess.com"]
[Date "2021.04.27"]
[Round "11"]
[White "halldorgretar"]
[Black "BanjoKazooieN64"]
[Result "0-1"]
[WhiteElo "2137"]
[BlackElo "2480"]
[TimeControl "180+1"]
[EndTime "12:03:27 PDT"]
[Termination "BanjoKazooieN64 won on time"]

1. d4 Nf6 2. c4 g6 3. f3 Bg7 4.
e4 O-O 5. Nc3 d6 6. Be3 e5 7. Nge2 a5 8. Qd2 a4 9. h4 a3 10. b3 h5 11. Bh6 Nc6 12. Bxg7 Kxg7 13. O-O-O Re8 14. dxe5 Nxe5 15. c5 Be6 16. cxd6 cxd6 17.
Nd4 Qa5 18. Kb1 Rec8 19. Rc1 Rc5 20. Be2 Rac8 21. Ndb5 d5 22. Qd4 dxe4 23. Nxe4 Rxc1+ 24. Rxc1 Rxc1+ 25. Kxc1 Qe1+ 26. Bd1 Ned7 27. Nbd6 Qxh4 28. Ne8+ Kf8 29. N8xf6 Nxf6 30. Qxf6 Qe1 31. Ng5 Qe3+ 32. Kc2 Bf5+ 33. Ne4 Qf2+ 34. Kd3 Qxa2 0-1

[Event "*** Titled Tuesday Blitz"]
[Site "Chess.com"]
[Date "2021.04.27"]
[Round "11"]
[White "Cambek64"]
[Black "Romadk"]
[Result "1-0"]
[WhiteElo "2483"]
[BlackElo "2332"]
[TimeControl "180+1"]
[EndTime "12:03:30 PDT"]
[Termination "Cambek64 won by resignation"]

1. e4 Nf6 2. e5 Nd5 3. d4 d6 4. c4 Nb6 5. exd6 cxd6 6. Be3 g6 7.
Nc3 Bg7 8. Rc1 O-O 9. b3 Bf5 10. h3 d5 11. c5 Nc8 12. Nf3 Nc6 13. Be2 e6 14. O-O h6 15. a3 g5 16. b4 a6 17. Qb3 N8e7 18. Rfd1 Ng6 19. a4 Bf6 20. b5 axb5 21. axb5 Na5 22. Qb4 h5 23. Na4 g4 24.
hxg4 hxg4 25. Nh2 g3 26. fxg3 Bg5 27. Rc3 Bxe3+ 28. Rxe3 Qg5 29. Kf2 Be4 30. Nf3 Qf6 31. Nb6 Ra7 32. Nd7 Qf5 33. Nxf8 Nxf8 34. Ra1 Nc6 35.
bxc6 Rxa1 36. cxb7 Rb1 37. b8=Q Rxb4 38. Qxb4 Ng6 39.
Ra3 e5 40. dxe5 Nxe5 41. Qb8+ Kh7 42. Qxe5 Qc8 43. Ng5+ Kg8 44. Nxe4 f6 45. Nxf6+ Kf7 46. Qxd5+ Kxf6 47. Rf3+ Kg7 48. Qf7+ Kh8 49. Qh5+ Kg7 50. Qg5+ Kh8 51. Qh6+ Kg8 52. Bc4+ 1-0

[Event "*** Titled Tuesday Blitz"]
[Site "Chess.com"]
[Date "2021.04.27"]
[Round "11"]
[White "atbenina64"]
[Black "Novoselski"]
[Result "1-0"]
[WhiteElo "2526"]
[BlackElo "2396"]
[TimeControl "180+1"]
[EndTime "12:03:31 PDT"]
[Termination "atbenina64 won by resignation"]

1. d4 g6 2. Nf3 Bg7 3. g3 d5 4.
Bg2 Nf6 5. O-O O-O 6. c4 dxc4 7. Na3 c3 8. bxc3 c5 9. Re1 Bf5 10. Bb2 Nc6 11. Nc4 Na5 12. Nfe5 Nxc4 13. Nxc4 Be4 14. Ne5 Bxg2 15. Kxg2 Nd7 16. Nf3 Nb6 17. Qb3 Qd5 18. e4 Qxb3 19. axb3 cxd4 20. cxd4 Rfc8 21. Ba3 e6 22.
Bc5 Nd7 23. Bd6 Rc3 24. b4 Rc6 25. e5 Nb6 26. Bc5 Nd5 27. b5 Rcc8 28. Nd2 b6 29.
Bd6 Bf8 30. Ne4 Rc2 31. Bxf8 Kxf8 32. Nd6 Ke7 33. Ra3 f6 34. Rea1 fxe5 35. dxe5 Rc7 36.
Rf3 Rf8 37. Raa3 Rxf3 38. Rxf3 Kd7 39. Rf8 Ne7 40. Nf7 Rc5 41. Ra8 Rxb5 42. Rxa7+ 1-0

[Event "*** Titled Tuesday Blitz"]
[Site "Chess.com"]
[Date "2021.04.27"]
[Round "11"]
[White "Nafania1"]
[Black "Nozdrachev_Vladislav"]
[Result "0-1"]
[WhiteElo "2552"]
[BlackElo "2702"]
[TimeControl "180+1"]
[EndTime "12:03:32 PDT"]
[Termination "Nozdrachev_Vladislav won by resignation"]

1. e4 c5 2. Nf3 Nf6 3. e5 Nd5 4. Nc3 e6 5. Ne4 Nc6 6. c4 Nb6 7. b3 Be7 8. Bb2 O-O 9. d4 cxd4 10.
Nxd4 Bb4+ 11. Nc3 Nxe5 12. Be2 d5 13. Nc2 Bxc3+ 14. Bxc3 Nc6 15. c5 Nd7 16. b4 Ne7 17.
O-O e5 18. f4 d4 19. Bb2 f6 20. fxe5 fxe5 21. Bc4+ Kh8 22. Qh5 Ng6 23. Rxf8+ Qxf8 24. Rf1 Nf6 25. Qd1 Bg4 26. Qe1 Qe7 27. Qg3 Be6 28.
Bd3 e4 29. Bb5 d3 30. Ne3 Nd5 31. Nf5 Bxf5 32. Rxf5 Rd8 33. Rh5 Ndf4 34. Rf5 Ne2+ 35. Kh1 Nxg3+ 36. hxg3 d2 0-1

[Event "*** Titled Tuesday Blitz"]
[Site "Chess.com"]
[Date "2021.04.27"]
[Round "11"]
[White "eltrain1971"]
[Black "Julianos82"]
[Result "0-1"]
[WhiteElo "2228"]
[BlackElo "2304"]
[TimeControl "180+1"]
[EndTime "12:03:32 PDT"]
[Termination "Julianos82 won on time"]

1. c4 c6 2. g3 d5 3. Bg2 Bg4 4.
Nf3 e6 5. d4 Nd7 6. Nc3 Bd6 7. Qb3 Rb8 8. O-O f5 9. Bf4 Qe7 10. c5 Bxf4 11. gxf4 Bxf3 12. Bxf3 Nh6 13. Qa4 O-O 14. b4 a6 15. e3 Kh8 16. Kh1 Rg8 17. Rg1 Qh4 18. Rg3 Nf6 19. Rag1 Nhg4 20. R1g2 g5 21. fxg5 Rxg5 22. Nd1 Rbg8 23. Qc2 Nh5 24.
Bxg4 Nxg3+ 25. fxg3 Qxg4 26. Nf2 Qf3 27. Nh3 Rxg3 28.
hxg3 Rxg3 29. Ng1 Qh5+ 30. Rh2 Qg4 0-1

[Event "*** Titled Tuesday Blitz"]
[Site "Chess.com"]
[Date "2021.04.27"]
[Round "11"]
[White "UmbertoConcelli"]
[Black "BursaBBSatranc"]
[Result "1-0"]
[WhiteElo "2796"]
[BlackElo "2577"]
[TimeControl "180+1"]
[EndTime "12:03:34 PDT"]
[Termination "UmbertoConcelli won by resignation"]

1. Nf3 d5 2. d4 Nf6 3. c4 c6 4.
Nc3 a6 5. cxd5 cxd5 6. Bf4 Nc6 7. e3 Bg4 8. Be2 e6 9. O-O Bd6 10. Bxd6 Qxd6 11. Rc1 O-O 12. Na4 Nd7 13. Nc5 Nxc5 14.
Rxc5 Rfc8 15. Qd2 Bxf3 16. Bxf3 Ne7 17. Rfc1 b6 18. R5c3 g6 19. Be2 a5 20. a3 Rxc3 21.
Rxc3 Rc8 22. Rxc8+ Nxc8 23. Qc3 Ne7 24. Bb5 h5 25. g3 Kg7 26. Kf1 h4 27. Ke1 hxg3 28.
hxg3 Qd8 29. Kd2 Qc8 30. Bd3 Kf8 31. Kc2 Ke8 32. Kb3 Qxc3+ 33. bxc3 Kd7 34. Bb5+ Kd8 35.
Ka4 Nf5 36. c4 dxc4 37. Bxc4 Nd6 38. Bd3 Kc7 39. e4 g5 40. e5 Kc8 41. exd6 1-0

[Event "*** Titled Tuesday Blitz"]
[Site "Chess.com"]
[Date "2021.04.27"]
[Round "11"]
[White "Sergey85Rodchenkov"]
[Black "WildBizon"]
[Result "1-0"]
[WhiteElo "2539"]
[BlackElo "2632"]
[TimeControl "180+1"]
[EndTime "12:03:34 PDT"]
[Termination "Sergey85Rodchenkov won by resignation"]

1. e4 c6 2. d4 d5 3. exd5 cxd5 4. c4 Nf6 5. Nc3 e6 6. Nf3 Bb4 7. Bg5 Nc6 8. Rc1 O-O 9. Bd3 h6 10. Bh4 Be7 11. O-O dxc4 12. Bxc4 b6 13. a3 Bb7 14. Qd3 Nh5 15. Bg3 Nxg3 16. hxg3 Bf6 17. Rfd1 Ne7 18.
Ne4 Nf5 19. Ne5 Rc8 20. Nxf6+ gxf6 21. Ng4 Kg7 22. Ne3 Nxe3 23. Qxe3 Rxc4 24. Rxc4 Qd5 25. Qf3 Qxc4 26. Qxb7 Rd8 27. Qxa7 Rxd4 28. Rxd4 Qxd4 29. b4 h5 30. Qc7 f5 31. b5 e5 32. Kh2 h4 33. gxh4 Qxh4+ 34. Kg1 Qd4 35. a4 e4 36. Qf4 Kf6 37. g4 Qd1+ 38. Kg2 Qxg4+ 39. Qxg4 fxg4 40. a5 Ke6 41. a6 1-0